ITL
DETROIT X-WINGS @ CHATTANOOGA CHINPOKOMON
06/24/2030
 
TOP OF THE 1ST
Detroit X-Wings batting - Pitching for Chattanooga Chinpokomon : RHP Ricardo Quiñones
Pitching: RHP Ricardo Quiñones
Batting: SHB Jason Mason 0-0: Ground out 6-3 (Groundball, 6)
Batting: LHB Curt Walker 0-0: Called Strike
0-1: TRIPLE (Line Drive, 8LXD)
Batting: RHB Griswold Coleman 0-0: Called Strike
0-1: Ball
1-1: Foul Ball, location: 2F
1-2: Strikes out swinging
Batting: SHB Barrett Bowden 0-0: Called Strike
0-1: Foul Ball, location: 2F
0-2: Strikes out swinging
Top of the 1st over - 0 runs, 1 hit, 0 errors, 1 left on base; Detroit 0 - Chattanooga 0
BOTTOM OF THE 1ST
Chattanooga Chinpokomon batting - Pitching for Detroit X-Wings : RHP Jeremias Pereirinha
Pitching: RHP Jeremias Pereirinha
Batting: LHB Elvin Summers 0-0: Ball
1-0: Called Strike
1-1: Ball
2-1: Foul Ball, location: 2F
2-2: Ball
3-2: Base on Balls
Batting: RHB Luis Antonio Velásquez 0-0: Called Strike
Elvin Summers steals 2nd base
0-1: Called Strike
0-2: Ball
1-2: SINGLE (Groundball, 34D)
Elvin Summers to third
Runner from 3rd tries for Home, SAFE, no throw
Batting: RHB Ricardo Salazar 0-0: Called Strike
0-1: Swinging Strike
0-2: Ball
1-2: Ball
2-2: Ball
3-2: Foul Ball, location: 2F
3-2: SINGLE (Line Drive, 34)
Luis Antonio Velásquez to second
Luis Antonio Velásquez to third
Batting: RHB Tom Hicks 0-0: Foul Ball, location: 2F
0-1: Swinging Strike
0-2: Reached on error, E1 (Groundball, 15S)
Luis Antonio Velásquez scores
Ricardo Salazar to second
Batting: LHB Ramiro Muñóz 0-0: Called Strike
0-1: Foul Ball, location: 2F
0-2: SINGLE (Flyball, 8RS)
Ricardo Salazar to third
Tom Hicks to second
Batting: RHB Jim Beck 0-0: Ball
1-0: Fly out, F9 (Flyball, 9LD)
Runner from 3rd tags up, SCORES, no throw
Batting: RHB Gustavo Medine 0-0: Foul Ball, location: 2F
0-1: Foul Ball, location: 2F
0-2: SINGLE (Flyball, 8RS)
Tom Hicks to third
Ramiro Muñóz to second
Runner from 3rd tries for Home, SAFE, no throw
Batting: RHB Ichizo Akiyama 0-0: Ball
1-0: Called Strike
1-1: Swinging Strike
1-2: Strikes out swinging
Batting: LHB Mario Cornelo 0-0: Ground out 4-3 (Groundball, 4M)
Bottom of the 1st over - 4 runs, 4 hits, 1 error, 2 left on base; Detroit 0 - Chattanooga 4
TOP OF THE 2ND
Detroit X-Wings batting - Pitching for Chattanooga Chinpokomon : RHP Ricardo Quiñones
Batting: LHB Paul Alston 0-0: Ground out 4-3 (Groundball, 4)
Batting: RHB Raúl Flores 0-0: DOUBLE (Line Drive, 3D)
Batting: RHB José Pérez 0-0: Ball
1-0: Ball
2-0: Ball
3-0: Base on Balls
Batting: RHB Donato Gozende 0-0: Ball
1-0: SINGLE (Line Drive, 34)
Raúl Flores to third
José Pérez to second
Pitching: LHP Félix García
Batting: RHB Daniel Riddle 0-0: Hit by Pitch
Raúl Flores scores
José Pérez to third
Donato Gozende to second
Batting: SHB Jason Mason 0-0: Ball
1-0: Fly out, F9 (Flyball, 9)
Runner from 3rd tags up, SCORES, throw made
Batting: LHB Curt Walker 0-0: Ball
1-0: Foul Ball, location: 2F
1-1: Ball
2-1: Ball
3-1: Fly out, F8 (Flyball, 78S)
Top of the 2nd over - 2 runs, 2 hits, 0 errors, 2 left on base; Detroit 2 - Chattanooga 4
BOTTOM OF THE 2ND
Chattanooga Chinpokomon batting - Pitching for Detroit X-Wings : RHP Jeremias Pereirinha
Batting: LHB Elvin Summers 0-0: Ball
1-0: Called Strike
1-1: Ground out 5-3 (Groundball, 56)
Batting: RHB Luis Antonio Velásquez 0-0: Fly out, F9 (Flyball, 9S)
Batting: RHB Ricardo Salazar 0-0: Ball
1-0: Ball
2-0: Fly out, F8 (Flyball, 8RM)
Bottom of the 2nd over - 0 runs, 0 hits, 0 errors, 0 left on base; Detroit 2 - Chattanooga 4
TOP OF THE 3RD
Detroit X-Wings batting - Pitching for Chattanooga Chinpokomon : LHP Félix García
Batting: RHB Griswold Coleman 0-0: Called Strike
0-1: Fly out, F7 (Flyball, 7D)
Batting: SHB Barrett Bowden 0-0: Called Strike
0-1: Ball
1-1: Called Strike
1-2: Foul Ball, location: 2F
1-2: Foul Ball, location: 2F
1-2: Foul Ball, location: 2F
1-2: Foul Ball, location: 2F
1-2: Foul Ball, location: 2F
1-2: Ball
2-2: SINGLE (Line Drive, 56D)
Batting: LHB Paul Alston 0-0: Foul Ball, location: 2F
0-1: Called Strike
0-2: Ball
1-2: Foul Ball, location: 2F
1-2: Ball
2-2: Foul Ball, location: 2F
2-2: Strikes out swinging
Batting: RHB Raúl Flores 0-0: Ball
1-0: Ball
2-0: Fly out, F4 (Line Drive, 4)
Top of the 3rd over - 0 runs, 1 hit, 0 errors, 1 left on base; Detroit 2 - Chattanooga 4
BOTTOM OF THE 3RD
Chattanooga Chinpokomon batting - Pitching for Detroit X-Wings : RHP Jeremias Pereirinha
Batting: RHB Tom Hicks 0-0: SINGLE (Line Drive, 4D)
Batting: LHB Ramiro Muñóz 0-0: Called Strike
0-1: DOUBLE (Flyball, 8LXD)
Tom Hicks to third
Runner from 3rd tries for Home, SAFE, no throw
Batting: RHB Jim Beck 0-0: Ball
1-0: Ball
2-0: Foul Ball, location: 2F
2-1: SINGLE (Line Drive, 8LS)
Ramiro Muñóz to third
Batting: RHB Gustavo Medine 0-0: Foul Ball, location: 2F
0-1: Called Strike
0-2: Ball
1-2: Grounds into double play, 4-6-3 (Groundball, 4)
Ramiro Muñóz scores
Batting: RHB Ichizo Akiyama 0-0: Foul Ball, location: 2F
0-1: Called Strike
0-2: Foul Ball, location: 2F
0-2: Ball
1-2: Ball
2-2: Ground out 6-3 (Groundball, 6)
Bottom of the 3rd over - 2 runs, 3 hits, 0 errors, 0 left on base; Detroit 2 - Chattanooga 6
TOP OF THE 4TH
Detroit X-Wings batting - Pitching for Chattanooga Chinpokomon : LHP Félix García
Batting: RHB José Pérez 0-0: Ball
1-0: Called Strike
1-1: Foul Ball, location: 2F
1-2: SINGLE (Flyball, 7S)
Batting: RHB Donato Gozende 0-0: Ball
1-0: Foul Ball, location: 2F
1-1: Swinging Strike
1-2: Ball
2-2: Foul Ball, location: 2F
2-2: Strikes out swinging
Batting: RHB Daniel Riddle 0-0: Swinging Strike
0-1: Ball
1-1: Grounds into double play, 5-4-3 (Groundball, 56)
Top of the 4th over - 0 runs, 1 hit, 0 errors, 0 left on base; Detroit 2 - Chattanooga 6
BOTTOM OF THE 4TH
Chattanooga Chinpokomon batting - Pitching for Detroit X-Wings : RHP Jeremias Pereirinha
Batting: LHB Mario Cornelo 0-0: Ball
1-0: Ball
2-0: Called Strike
2-1: Called Strike
2-2: Ball
3-2: Base on Balls
Batting: LHB Elvin Summers 0-0: Ball
1-0: Ball
2-0: DOUBLE (Line Drive, 8LD)
Mario Cornelo to third
Batting: RHB Luis Antonio Velásquez 0-0: Ball
1-0: Ball
2-0: Ground out 5-3 (Groundball, 5)
Batting: RHB Ricardo Salazar 0-0: Called Strike
0-1: SINGLE (Line Drive, 4D)
Mario Cornelo scores
Elvin Summers to third
Batting: RHB Tom Hicks 0-0: Called Strike
0-1: Ball
1-1: Ball
2-1: Grounds into double play, 1-6-3 (Groundball, 13)
Bottom of the 4th over - 1 run, 2 hits, 0 errors, 1 left on base; Detroit 2 - Chattanooga 7
TOP OF THE 5TH
Detroit X-Wings batting - Pitching for Chattanooga Chinpokomon : LHP Félix García
Batting: SHB Jason Mason 0-0: Ball
1-0: Ball
2-0: Ball
3-0: Called Strike
3-1: Base on Balls
Batting: LHB Curt Walker 0-0: Ball
1-0: Foul Ball, location: 2F
1-1: Fly out, F4 (Line Drive, 4M)
Batting: RHB Griswold Coleman 0-0: Called Strike
0-1: Ball
1-1: Ball
2-1: Foul Ball, location: 2F
2-2: Foul Ball, location: 2F
2-2: Ball
Jason Mason is caught stealing 2nd base
3-2: Foul Ball, location: 2F
3-2: SINGLE (Line Drive, 89M)
Batting: SHB Barrett Bowden 0-0: Ball
1-0: Foul Ball, location: 2F
1-1: Ball
2-1: Ball
3-1: Foul Ball, location: 2F
3-2: Base on Balls
Griswold Coleman to second
Batting: LHB Paul Alston 0-0: Swinging Strike
0-1: Ball
1-1: Called Strike
1-2: Ball
2-2: Strikes out swinging
Top of the 5th over - 0 runs, 1 hit, 0 errors, 2 left on base; Detroit 2 - Chattanooga 7
BOTTOM OF THE 5TH
Chattanooga Chinpokomon batting - Pitching for Detroit X-Wings : RHP Jeremias Pereirinha
Batting: LHB Ramiro Muñóz 0-0: Foul Ball, location: 2F
0-1: Swinging Strike
0-2: Foul Ball, location: 2F
0-2: Strikes out swinging
Batting: RHB Jim Beck 0-0: Called Strike
0-1: Ball
1-1: Ball
2-1: Swinging Strike
2-2: SINGLE (Line Drive, 6D)
Batting: RHB Gustavo Medine 0-0: Called Strike
0-1: Fly out, F7 (Flyball, 7)
Batting: RHB Ichizo Akiyama 0-0: Foul Ball, location: 2F
0-1: Swinging Strike
0-2: Foul Ball, location: 2F
0-2: Foul Ball, location: 2F
0-2: Ball
1-2: SINGLE (Groundball, 6MD)
Jim Beck to second
Runner from 2nd tries for 3rd, SAFE, no throw
Batting: LHB Mario Cornelo 0-0: Ball
1-0: Ball
2-0: Called Strike
2-1: SINGLE (Groundball, 25) (infield hit)
Jim Beck scores
Ichizo Akiyama to second
Batting: LHB Elvin Summers 0-0: Called Strike
0-1: Ball
1-1: Swinging Strike
1-2: Ball
2-2: Strikes out swinging
Bottom of the 5th over - 1 run, 3 hits, 0 errors, 2 left on base; Detroit 2 - Chattanooga 8
TOP OF THE 6TH
Detroit X-Wings batting - Pitching for Chattanooga Chinpokomon : LHP Félix García
Batting: RHB Raúl Flores 0-0: Foul Ball, location: 2F
0-1: Fly out, F8 (Flyball, 8RXD)
Pitching: RHP Charles Palmeiro
Batting: RHB José Pérez 0-0: Foul Ball, location: 2F
0-1: Ball
1-1: Swinging Strike
1-2: Foul Ball, location: 2F
1-2: Foul Ball, location: 2F
1-2: Ground out 1-3 (Groundball, P)
Batting: RHB Donato Gozende 0-0: Ball
1-0: Called Strike
1-1: Swinging Strike
1-2: Strikes out swinging
Top of the 6th over - 0 runs, 0 hits, 0 errors, 0 left on base; Detroit 2 - Chattanooga 8
BOTTOM OF THE 6TH
Chattanooga Chinpokomon batting - Pitching for Detroit X-Wings : RHP Jeremias Pereirinha
Pitching: LHP Clarence Skerratt
Batting: RHB Luis Antonio Velásquez 0-0: Foul Ball, location: 2F
0-1: Called Strike
0-2: Ball
1-2: SINGLE (Groundball, 6) (infield hit)
Batting: RHB Ricardo Salazar 0-0: Called Strike
0-1: Fly out, F4 (Line Drive, 34)
Batting: RHB Tom Hicks 0-0: Called Strike
0-1: Swinging Strike
0-2: Strikes out looking
Batting: LHB Ramiro Muñóz 0-0: Called Strike
0-1: Ball
1-1: Ball
2-1: Fly out, F7 (Flyball, 78D)
Bottom of the 6th over - 0 runs, 1 hit, 0 errors, 1 left on base; Detroit 2 - Chattanooga 8
TOP OF THE 7TH
Detroit X-Wings batting - Pitching for Chattanooga Chinpokomon : RHP Charles Palmeiro
Batting: RHB Daniel Riddle 0-0: Called Strike
0-1: Ball
1-1: Swinging Strike
1-2: Ball
2-2: Foul Ball, location: 2F
2-2: Foul Ball, location: 2F
2-2: Strikes out swinging
Batting: SHB Jason Mason 0-0: Ground out U3 (Groundball, 3)
Batting: LHB Curt Walker 0-0: Foul Ball, location: 2F
0-1: Ball
1-1: Ground out 4-3 (Groundball, 4)
Top of the 7th over - 0 runs, 0 hits, 0 errors, 0 left on base; Detroit 2 - Chattanooga 8
BOTTOM OF THE 7TH
Chattanooga Chinpokomon batting - Pitching for Detroit X-Wings : LHP Clarence Skerratt
Batting: RHB Jim Beck 0-0: Foul Ball, location: 2F
0-1: Swinging Strike
0-2: Foul Ball, location: 2F
0-2: Ball
1-2: Fly out, F8 (Flyball, 78M)
Batting: RHB Gustavo Medine 0-0: Ball
1-0: Fly out, F8 (Flyball, 8LD)
Batting: RHB Ichizo Akiyama 0-0: Ball
1-0: Fly out, F6 (Line Drive, 6)
Bottom of the 7th over - 0 runs, 0 hits, 0 errors, 0 left on base; Detroit 2 - Chattanooga 8
TOP OF THE 8TH
Detroit X-Wings batting - Pitching for Chattanooga Chinpokomon : RHP Charles Palmeiro
Now at 1B: Luis Maldonado
Batting: RHB Griswold Coleman 0-0: Ball
1-0: Called Strike
1-1: Foul Ball, location: 2F
1-2: Strikes out swinging
Batting: SHB Barrett Bowden 0-0: Ball
1-0: Fly out, F9 (Flyball, 89M)
Batting: LHB Paul Alston 0-0: Swinging Strike
0-1: Ball
1-1: Swinging Strike
1-2: Ball
2-2: Strikes out swinging
Top of the 8th over - 0 runs, 0 hits, 0 errors, 0 left on base; Detroit 2 - Chattanooga 8
BOTTOM OF THE 8TH
Chattanooga Chinpokomon batting - Pitching for Detroit X-Wings : LHP Clarence Skerratt
Batting: LHB Mario Cornelo 0-0: Swinging Strike
0-1: SINGLE (Line Drive, 78S)
Batting: LHB Elvin Summers 0-0: Called Strike
0-1: Swinging Strike
0-2: Ball
1-2: Foul Ball, location: 2F
1-2: Ball
2-2: Ball
3-2: Fly out, F9 (Line Drive, 9D)
Batting: RHB Luis Antonio Velásquez 0-0: Called Strike
0-1: Ball
1-1: Foul Ball, location: 2F
1-2: Grounds into double play, 5-4-3 (Groundball, 5)
Bottom of the 8th over - 0 runs, 1 hit, 0 errors, 0 left on base; Detroit 2 - Chattanooga 8
TOP OF THE 9TH
Detroit X-Wings batting - Pitching for Chattanooga Chinpokomon : RHP Charles Palmeiro
Batting: RHB Raúl Flores 0-0: Called Strike
0-1: Ball
1-1: Ball
2-1: Called Strike
2-2: Ball
3-2: Base on Balls
Batting: RHB José Pérez 0-0: Ball
1-0: Ball
2-0: Ball
3-0: Called Strike
3-1: Foul Ball, location: 2F
3-2: Base on Balls
Raúl Flores to second
Batting: RHB Donato Gozende 0-0: Ball
1-0: Foul Ball, location: 2F
1-1: Ball
2-1: Swinging Strike
2-2: Grounds into double play, 4-6-3 (Groundball, 4M)
Raúl Flores to third
Batting: RHB Daniel Riddle 0-0: Ball
1-0: Swinging Strike
Passed Ball!
Raúl Flores scores
1-1: Called Strike
1-2: Foul Ball, location: 2F
1-2: Ground out 5-3 (Groundball, 56S)
Top of the 9th over - 1 run, 0 hits, 0 errors, 0 left on base; Detroit 3 - Chattanooga 8
Saturday, April 7th, 2018 - OOTP Baseball 18.8 Build 76